 Dungeon Crawl Stone Soup version 0.18-a0-1797-gc18daef (webtiles) character file.

121 dynamoDes the Digger (level 4, -3/24 HPs)
             Began as a Deep Elf Earth Elementalist on Apr 22, 2016.
             Slain by Natasha (6 damage)
             ... on level 2 of the Dungeon.
             The game lasted 00:11:59 (2430 turns).

dynamoDes the Digger (Deep Elf Earth Elementalist)  Turns: 2430, Time: 00:11:59

Health: -3/24      AC:  2    Str:  5    XL:     4   Next: 76%
Magic:  3/12       EV: 13    Int: 21    God:
Gold:   76         SH:  0    Dex: 15    Spells: 2 memorised, 8 levels left

rFire  + . .     SeeInvis .     o - +1 dagger (venom)
rCold  x . .     Gourm    .     a - +0 robe
rNeg   . . .     Faith    .     (no shield)
rPois  .         Spirit   .     (no helmet)
rElec  .         Dismiss  .     (no cloak)
rCorr  .         Reflect  .     (no gloves)
SustAt .         Harm     .     (no boots)
MR     .....                    (no amulet)
Stlth  +.........               i - ring of fire
                                g - ring of loudness (curse)

@: very slightly contaminated, not resistant to hostile enchantments, very
unstealthy
A: no striking features
a: no special abilities


You were on level 2 of the Dungeon.
You were not hungry.

You visited 1 branch of the dungeon, and saw 2 of its levels.

You collected 76 gold pieces.

Inventory:

Hand Weapons
 f - a +0 short sword
 o - a +1 dagger of venom (weapon)
Missiles
 b - 123 stones (quivered)
 j - 29 poisoned needles
Armour
 a - a +0 robe (worn)
 h - a +0 leather armour
Jewellery
 g - a cursed ring of loudness (left hand)
 i - a ring of fire (right hand)
 p - an uncursed amulet of rage
Scrolls
 e - 2 scrolls of identify
 n - 2 scrolls of fear
 q - a scroll of random uselessness {unknown}
 r - a scroll of enchant weapon {unknown}
 t - a scroll of blinking {unknown}
 u - 3 scrolls of immolation {unknown}
Potions
 k - 2 potions of haste {unknown}
 m - 2 potions of degeneration {unknown}
Books
 c - a book of Geomancy

   Spells                             Type                      Level
   a - Sandblast                      Earth                        1
   b - Passwall                       Transmutation/Earth          2
   c - Stone Arrow                    Conjuration/Earth            3
   d - Petrify                        Transmutation/Earth          4
   e - Lee's Rapid Deconstruction     Earth                        5
Comestibles
 d - a bread ration
 l - a meat ration
 s - 6 chunks of flesh


   Skills:
 + Level 2.8 Dodging
 + Level 3.0 Stealth
 + Level 4.7 Spellcasting
 + Level 0.2 Conjurations
   Level 1.1 Transmutations
 - Level 4.7 Earth Magic


You had 8 spell levels left.
You knew the following spells:

 Your Spells              Type           Power        Failure   Level  Hunger
a - Sandblast             Erth           ###...       1%          1    None
b - Stone Arrow           Conj/Erth      ###...       14%         3    ##.....


Dungeon Overview and Level Annotations

Branches:
Dungeon (2/15)

Altars:
Gozag

Annotations:
D:2 Natasha


Message History

The magic dart hits you!
* * * LOW HITPOINT WARNING * * *
Casting: Sandblast
Confirm with . or Enter, or press ? or * to list all spells.
Aiming: Sandblast
Press: ? - help, Shift-Dir - straight line, f/p - Natasha
Aim: Natasha (lightly wounded)
The blast of sand hits Natasha.
Natasha is heavily wounded.
Natasha claws you.
* * * LOW HITPOINT WARNING * * *
Casting: Sandblast
Confirm with . or Enter, or press ? or * to list all spells.
Aiming: Sandblast
Press: ? - help, Shift-Dir - straight line, f/p - Natasha
Aim: Natasha (heavily wounded)
The blast of sand hits Natasha.
Natasha is heavily wounded.
Natasha claws you.
You die...

..#...#####.#...####.........#
.##...# #.##.## ##.......## ##
### #.#### ##.....## #....#
##...## #####.### ##+##
#.......# #.###.#.# #.#%#
#.#@# #...h._.... ###.#.#..#.
#.#.# .. #.# # ..# ###


You could see Natasha.

Vanquished Creatures
  Natasha (twice) (D:2)
  3 adders (D:2)
  2 worms (D:2)
  A giant gecko (D:2)
  4 bats
  2 giant cockroaches (D:2)
  4 goblins
  4 hobgoblins
  4 jackals (D:2)
  A quokka (D:2)
  2 ball pythons
  3 giant newts
  2 kobolds
  5 rats
39 creatures vanquished.

Notes
Turn   | Place    | Note
--------------------------------------------------------------
     0 | D:1      | dynamoDes the Deep Elf Earth Elementalist began the quest for the Orb.
     0 | D:1      | Reached XP level 1. HP: 10/10 MP: 6/6
   704 | D:1      | Reached XP level 2. HP: 10/15 MP: 6/8
   937 | D:1      | You fall through a shaft!
  1270 | D:2      | Noticed Natasha
  1274 | D:2      | Killed Natasha
  1274 | D:2      | Reached XP level 3. HP: 6/19 MP: 3/10
  1609 | D:1      | You fall through a shaft!
  1733 | D:2      | Noticed Natasha
  1740 | D:2      | Killed Natasha
  1740 | D:2      | Reached XP level 4. HP: 14/24 MP: 8/12
  2055 | D:2      | Learned a level 3 spell: Stone Arrow
  2422 | D:2      | Noticed Natasha
  2424 | D:2      | Found an opulent altar of Gozag.
  2430 | D:2      | Slain by Natasha

Vault maps used:
D:1:      dpeg_arrival_arbitrary_a
D:2:      overflow_temple_1_default, minmay_bad_closet,
          kennysheep_generic_room_12, uniq_natasha

Skill      XL: |  1  2  3  4 |
---------------+-------------+-----
Earth Magic    | 4 |  4.7
Spellcasting   | 4 |  4.7
Stealth        | 3 |  3.0
Dodging        | |  2.8
Conjurations   | |  0.2
Transmutations | |  1.1

Action                   |  1- 3 |  4- 6 || total
-------------------------+-------+-------++-------
Melee: Dagger            |    10 |     4 ||    14
 Cast: Sandblast         |    42 |    41 ||    83
  Use: Scroll            |     1 |       ||     1
       Potion            |     1 |       ||     1
  Eat: Chunk             |     2 |     2 ||     4
Armor: Robe              |     7 |     4 ||    11
Dodge: Dodged            |    13 |    12 ||    25
